 Dungeon Crawl Stone Soup version 0.22.1-1-ga44c0e5 (webtiles) character file.

1096 Folque the Vandal (level 8, -2/50 HPs)
             Began as a Halfling Hunter on Sept 22, 2018.
             Was a Believer of Zin.
             Slain by an orc warrior
             ... wielding a cursed -3 glaive
              (20 damage)
             ... on level 6 of the Dungeon.
             The game lasted 00:37:33 (5628 turns).

Folque the Vandal (Halfling Hunter)                 Turns: 5628, Time: 00:37:35

Health: -2/50      AC:  5    Str: 15    XL:     8   Next: 57%
Magic:  11/11      EV: 17    Int: 10    God:    Zin [**....]
Gold:   123        SH:  0    Dex: 17    Spells: 6/7 levels left

rFire    . . .     SeeInvis +   a - +1 hunting sling
rCold    . . .     Gourm    .   (shield restricted)
rNeg     . . .     Faith    .   c - +0 leather armour
rPois    ∞         Spirit   .   (no helmet)
rElec    .         Reflect  .   s - +0 cloak
rCorr    .         Harm     .   (no gloves)
MR       .....                  l - +0 pair of boots (curse)
Stlth    +++.......             (no amulet)
HPRegen  0.16/turn              G - ring of poison resistance
MPRegen  0.12/turn              A - ring of see invisible

@: vitalised
A: small, mutation resistance 1
a: Recite, Vitalisation, Donate Gold, Renounce Religion


You were on level 6 of the Dungeon.
You worshipped Zin.
Zin was pleased with you.
You were hungry.

You visited 2 branches of the dungeon, and saw 7 of its levels.
You also visited: Sewer.

You collected 271 gold pieces.
You donated 148 gold pieces to Zin.

Inventory:

Hand Weapons
 a - a +1 hunting sling (weapon)
 b - a +0 short sword
 m - a +0 short sword of speed
 v - a +0 blowgun
 y - a cursed -1 short sword
Missiles
 d - 21 sling bullets (quivered)
 e - 107 stones
 u - 25 poisoned needles
Armour
 c - a +0 leather armour (worn)
 l - a cursed +0 pair of boots (worn)
 s - a +0 cloak (worn)
Jewellery
 A - a ring of see invisible (right hand)
 G - a ring of poison resistance (left hand)
 I - an uncursed ring of positive energy
 J - an uncursed ring of flight
 K - the amulet of Vampiric Thralls {Reflect MR++ Int-5 Dex+3 SH+3 SInv, unknown}
   (You found it on level 6 of the Dungeon)

   [amulet of reflection]

   It shields you and reflects attacks.
   It affects your intelligence (-5).
   It affects your dexterity (+3).
   It affects your resistance to hostile enchantments.
   It lets you see invisible.
   It affects your SH (+3).
Wands
 p - a wand of iceblast (6)
 H - a wand of enslavement (13)
Scrolls
 g - 3 scrolls of identify
 h - 2 scrolls of remove curse
 k - 2 scrolls of enchant weapon {unknown}
 o - 2 scrolls of noise {unknown}
 q - 4 scrolls of teleportation {unknown}
 t - 4 scrolls of amnesia {unknown}
 w - 2 scrolls of fog {unknown}
 D - 2 scrolls of blinking {unknown}
 E - 2 scrolls of immolation {unknown}
Potions
 i - a potion of degeneration {unknown}
 j - a potion of lignification
 n - a potion of cancellation {unknown}
 r - a potion of agility
 x - a potion of haste {unknown}
 z - a potion of heal wounds {unknown}
 B - a potion of berserk rage {unknown}
 C - 2 potions of resistance {unknown}
 F - 2 potions of curing
Comestibles
 f - 15 rations


   Skills:
 - Level 2.0 Fighting
 - Level 4.0 Short Blades
 - Level 7.1(7.2) Slings
 - Level 0.6(3.1) Throwing
 - Level 2.0 Armour
 - Level 5.1 Dodging
 + Level 6.1 Stealth
 * Level 4.4 Invocations


You had 6 spell levels left.
You knew the following spells:

 Your Spells              Type           Power        Failure   Level  Hunger
a - Corona                Hex            #......      43%         1    ##.....

Your spell library contained the following spells:

 Spells                   Type           Power        Failure   Level  Hunger
 Ensorcelled Hibernation  Hex/Ice        #.....       56%         2    ###....
 Confuse                  Hex            #.......     80%         3    ####...
 Dazzling Spray           Conj/Hex       #.....       80%         3    ####...
 Tukima's Dance           Hex            #.......     80%         3    ####...


Dungeon Overview and Level Annotations

Branches:
Dungeon (6/15)             Temple (1/1) D:4

Altars:
Ashenzari
Fedhas
Gozag
Makhleb
Nemelex Xobeh
Okawaru
Qazlal
Ru
Sif Muna
Uskayaw
Vehumet
Xom
Yredelemnul
Zin
The Shining One

Shops:
D:4 (

Annotations:
D:5 1 runed door, pedritolo's ghost, novice DsIE
D:6 2 transporters


Innate Abilities, Weirdness & Mutations

You are small and have problems with some larger weapons.
You are somewhat resistant to further mutation.


Message History

Press: ? - help, Shift-Dir - straight line, f/p - orc
Aim: an orc, wielding a hand axe You shoot a sling bullet.
The sling bullet hits the orc warrior but does no damage.
The orc warrior is almost dead.
Firing (i - inventory. (/) - cycle)
d - 23 sling bullets (quivered)
Press: ? - help, Shift-Dir - straight line, f/p - orc
Aim: an orc, wielding a hand axe You shoot a sling bullet.
The sling bullet hits the orc!
You kill the orc!
Firing (i - inventory. (/) - cycle)
d - 22 sling bullets (quivered)
Press: ? - help, Shift-Dir - straight line, f - orc warrior
Aim: an orc warrior, wielding a glaive and wearing a plate armour (almost dead, You shoot a sling bullet.
The sling bullet hits the orc warrior but does no damage.
The orc warrior is almost dead.
You are ready to recite again.
The orc warrior is no longer dazed.
The orc warrior hits you from afar with a glaive!!
You die...

#.............# #..###########
..............# #...##....##..
.............## #.............
....>.....#### ##.............
........### #...........###
.......## ##(.........## #
......## ##.(.#.......# #.
.©....# ##.o####......##..
#####.# ##@.## #..........
.©.8#.# ##..## ##.........#
./.P#.# ##..## #.........##
#+###.# #...# ##oo.......#
...≈#.# ##..## ##..###.....#
...≈#.# #...#####..####.....#
...≈#.## ##....##...####......##
.⌠.≈#..####..........###........#
...≈#................##....###...


You could see an orc warrior.

Vanquished Creatures
  Sigmund (D:2)
  Edmund (D:4)
  Purgy (Sewer)
  A sky beast (D:6)
  A centaur (D:5)
  2 orc priests (D:6)
  4 orc wizards
  An iguana (D:5)
  5 worker ants
  A worker ant zombie (D:5)
  3 gnolls
  9 adders
  A worm (D:4)
  A dart slug (D:2)
  4 leopard geckos
  12 orcs
  3 ball pythons
  11 bats
  7 giant cockroaches
  12 hobgoblins
  8 jackals
  2 quokkas
  A frilled lizard (D:2)
  10 goblins
  6 kobolds
  A quokka zombie (D:6)
  8 rats
117 creatures vanquished.

Notes
Turn   | Place    | Note
-------+----------+-------------------------------------------
     0 | D:1      | Folque the Halfling Hunter began the quest for the Orb.
     0 | D:1      | Reached XP level 1. HP: 14/14 MP: 1/1
   430 | D:1      | Reached skill level 6 in Slings
   499 | D:1      | Reached XP level 2. HP: 14/19 MP: 2/2
   880 | D:2      | Noticed Sigmund
   892 | D:2      | Reached skill level 1 in Short Blades
  1032 | D:2      | Reached XP level 3. HP: 24/24 MP: 3/3
  1108 | D:2      | Killed Sigmund
  1108 | D:2      | Reached XP level 4. HP: 18/29 MP: 4/4
  1108 | D:2      | Reached XP level 5. HP: 21/34 MP: 5/5
  1122 | D:2      | Reached XP level 6. HP: 19/39 MP: 6/6
  1470 | D:2      | Found a deep blue altar of Sif Muna.
  1622 | D:3      | Reached skill level 7 in Slings
  1773 | D:3      | Found a faded altar of an unknown god.
  2035 | D:3      | Found a sparkling altar of Nemelex Xobeh.
  2335 | D:4      | Noticed Edmund
  2345 | D:4      | Noticed an ogre
  2370 | D:4      | Killed Edmund
  2370 | D:4      | Reached skill level 1 in Armour
  2370 | D:4      | Reached XP level 7. HP: 36/45 MP: 7/7
  2394 | D:4      | Found a hide-covered altar of Uskayaw.
  2539 | D:4      | Learned a level 1 spell: Corona
  2652 | D:4      | Found a glowing drain.
  2699 | Sewer    | Entered a sewer
  2744 | Sewer    | Noticed Purgy
  2764 | Sewer    | Killed Purgy
  2834 | D:4      | Found a staircase to the Ecumenical Temple.
  2859 | Temple   | Entered the Ecumenical Temple
  2879 | Temple   | Became a worshipper of Zin the Law-Giver
  2879 | Temple   | Reached * piety under Zin
  3154 | D:4      | Found Firuuwn's Weapon Boutique.
  3542 | D:5      | Entered Level 5 of the Dungeon
  3548 | D:5      | Found a basalt altar of Yredelemnul.
  3578 | D:5      | Reached skill level 5 in Stealth
  3799 | D:5      | Reached skill level 1 in Invocations
  4233 | D:5      | Noticed pedritolo's ghost (novice DsIE)
  4234 | D:5      | Found a runed door.
  4346 | D:5      | Reached XP level 8. HP: 31/50 MP: 9/9
  4966 | D:5      | Donated 121 gold pieces to Zin
  5003 | D:6      | Reached ** piety under Zin
  5131 | D:6      | Reached skill level 5 in Dodging
  5331 | D:6      | Found a transporter.
  5334 | D:6      | Found a transporter.
  5453 | D:6      | Got a smoking tin amulet
  5537 | D:6      | Found a sacrificial altar of Ru.
  5628 | D:6      | Slain by an orc warrior

Skill      XL: |  1  2  3  4  5  6  7  8 |
---------------+-------------------------+-----
Slings         | 6 7 |  7.1
Fighting       | 2 |  2.0
Short Blades   | 1 3 4 |  4.0
Stealth        | 3 4 5 6 |  6.1
Armour         | 1 2 |  2.0
Dodging        | 3 4 5 |  5.1
Invocations    | 2 4 |  4.4
Throwing       | |  0.6

Action                   |  1- 3 |  4- 6 |  7- 9 || total
-------------------------+-------+-------+-------++-------
Melee: Short sword       |    71 |   172 |   220 ||   463
 Fire: Hunting sling     |    16 |    15 |   136 ||   167
       Blowgun           |       |     2 |     2 ||     4
 Cast: Corona            |       |       |     1 ||     1
Invok: Recite            |       |       |     8 ||     8
       Donate Gold       |       |       |     2 ||     2
       Vitalisation      |       |       |     1 ||     1
  Use: Scroll            |     3 |     1 |       ||     4
       Potion            |     1 |     1 |     4 ||     6
 Stab: Distracted        |     1 |     1 |     1 ||     3
       Sleeping          |       |     4 |     4 ||     8
       Confused          |       |       |     1 ||     1
  Eat: Chunk             |     1 |     4 |     9 ||    14
Armor: Leather armour    |    13 |    18 |    48 ||    79
       Skin              |       |       |    26 ||    26
Dodge: Dodged            |    59 |    72 |   191 ||   322
